details: 'newbs satan'

« prev index next »

General information

Mini Map

Players

team 1
HumanTop3 (pink | 267 APM | 261 actions | 00:58)

» actions
Assign group hotkey3
Build / train4
Enter build submenu4
Right click19
Select / deselect11
Select group hotkey216
Use ability4
261 total
» units
Peasant4
4 total
» buildings
Altar of Kings1
Barracks1
Farm2
4 total
» build order
00:07 Altar of Kings
00:19 Barracks
00:34 Farm
00:49 Farm
OrcSit&Stare (yellow | 4 APM | 25 actions | 05:49)

» actions
Basic commands5
Right click6
Select / deselect14
25 total
Humandisconnected (teal | 8 APM | 23 actions | 02:44)

» actions
Build / train5
Enter build submenu3
Right click7
Select / deselect5
Use ability3
23 total
» units
Peasant5
5 total
» buildings
Altar of Kings1
Farm2
3 total
» build order
00:27 Altar of Kings
00:41 Farm
00:44 Farm
HumanNewbs. (blue | 15 APM | 83 actions | 05:40)
Hero icon 1 Blood Mage
Ability icon 1 Flame Strike

» actions
Build / train17
Enter build submenu8
Enter hero's abilities submenu1
Right click16
Select / deselect33
Use ability8
83 total
» units
Peasant13
13 total
» buildings
Lumber Mill1
Farm4
Scout Tower1
Altar of Kings1
Arcane Tower1
Blacksmith1
Keep1
10 total
» build order
00:27 Lumber Mill
01:13 Farm
01:33 Scout Tower
01:45 Altar of Kings
02:10 Arcane Tower
02:14 Blacksmith
02:16 Farm
03:43 Farm
04:22 Farm
04:24 Keep
team 2
Undead|IlIlI|-|IllII| (purple | 57 APM | 334 actions | 05:49)
Hero icon 2 Dreadlord
Ability icon 1 Vampiric Aura
Ability icon 1 Sleep

» actions
Assign group hotkey40
Build / train18
Enter build submenu11
Enter hero's abilities submenu2
Right click107
Select / deselect54
Select group hotkey94
Use ability8
334 total
» units
Acolyte2
Ghoul13
15 total
» buildings
Crypt2
Altar of Darkness1
Ziggurat4
7 total
» build order
00:08 Crypt
00:12 Altar of Darkness
00:33 Ziggurat
00:59 Crypt
01:34 Ziggurat
02:03 Ziggurat
04:00 Ziggurat
Random» Humandemonthor (red | 22 APM | 126 actions | 05:49)
Hero icon 1 Goblin Tinker
Ability icon 1 Pocket Factory

» actions
Assign group hotkey4
Build / train14
Enter build submenu10
Enter hero's abilities submenu1
Remove unit from queue1
Right click25
Select / deselect48
Select group hotkey11
Use ability12
126 total
» units
Peasant7
Rifleman4
11 total
» buildings
Barracks2
Blacksmith1
Farm7
Altar of Kings1
11 total
» build order
02:09 Barracks
02:11 Blacksmith
02:15 Farm
02:21 Altar of Kings
02:24 Barracks
02:39 Farm
03:24 Farm
04:29 Farm
04:32 Farm
05:29 Farm
05:30 Farm
Random» NightElfDeFecto (green | 85 APM | 497 actions | 05:49)
Hero icon 2 Warden
Ability icon 1 Fan of Knives
Ability icon 1 Blink

» actions
Assign group hotkey8
Build / train23
Enter build submenu10
Enter hero's abilities submenu2
Right click271
Select / deselect76
Select group hotkey94
Use ability13
497 total
» units
Wisp10
Archer7
17 total
» upgrades
Strength of the Moon1
Moon Armor1
2 total
» buildings
Altar of Elders1
Moon Well3
Ancient of War2
Hunter's Hall1
Ancient of Wonders1
Tree of Ages1
9 total
» build order
00:04 Altar of Elders
00:11 Moon Well
00:35 Ancient of War
01:48 Ancient of War
02:11 Moon Well
02:47 Moon Well
04:13 Hunter's Hall
04:26 Ancient of Wonders
05:24 Tree of Ages
Random» OrcMettatonEX (orange | 77 APM | 449 actions | 05:49)
Hero icon 2 Blademaster
Ability icon 1 Critical Strike
Ability icon 1 Wind Walk

» actions
Assign group hotkey5
Basic commands4
Build / train24
Enter build submenu9
Enter hero's abilities submenu2
Give item / drop item1
Right click294
Select / deselect79
Select group hotkey20
Use ability11
449 total
» units
Peon7
Grunt5
12 total
» upgrades
Ranged Weapons1
Armor1
2 total
» buildings
Altar of Storms1
Orc Burrow3
Barracks1
Voodoo Lounge1
War Mill2
Stronghold1
9 total
» build order
00:16 Altar of Storms
00:26 Orc Burrow
00:39 Barracks
01:38 Orc Burrow
02:05 Voodoo Lounge
02:58 War Mill
03:08 War Mill
03:50 Stronghold
04:13 Orc Burrow
» items
Healing Salve2
Lesser Clarity Potion1
Boots of Speed1
Circlet of Nobility2
6 total

Chat log

(00:29 / Allies) Newbs.: cc
(00:45 / All) Sit&Stare: HAIL SATAN
(00:54 / Allies) Top3: lol
(00:55 / Allies) disconnected: glad you waited for that
(00:58 / Allies) Top3: ur so cool
(01:02 / All) Newbs.: yellow wants to slit his veins vertically
(01:11 / Allies) disconnected: nice to use a 15 year old game to get your satan points across
(01:13 / All) Sit&Stare: HAIL SATAN HE'S OUR LORD HAIL SATAN
(01:24 / All) Newbs.: yellow, Planet Earth doesn't need you
(01:28 / All) Newbs.: Suicide yourself
(01:38 / Allies) disconnected: yes, we all come here on a 15 year old game to potentially find satanic rituals
(01:40 / All) demonthor: he just real likes the fabric. who cares
(01:41 / Allies) disconnected: really good
(02:00 / Allies) disconnected: its been 15 years, finally i found someone
(02:01 / All) Newbs.: yellow, your birth was a mistake, your mother really did want to abort you
(02:07 / All) Newbs.: she should have gone through with it
(02:19 / Allies) disconnected: this is the day where i learn about satan
(02:24 / Allies) disconnected: soooooooooo lucky
(02:34 / All) Newbs.: yellow return to your mothers womb when she wanted to abort you
(02:35 / All) Sit&Stare: LET SATAN INTO YOUR HEART, HE LIED FOR YOUR SINS
(02:38 / All) Newbs.: kill yourself yellow
(02:45 / All) Newbs.: it is known as suicide
(02:45 / All) Sit&Stare: LET SATAN INTO YOUR HEART TODAY AND YOU WON'T REGRET IT
(03:10 / All) demonthor: oh. i guess its spelled satin
(03:11 / All) Newbs.: yellow is a pussy, is afraid to kill himself and go with lucifer
(03:28 / All) Newbs.: yellow, killyourself and go be with your master lucifer
(03:30 / All) Sit&Stare: I MUST SPREAD THE GOOD NEWS
(03:33 / All) Newbs.: be a man
(03:36 / All) Sit&Stare: SATAN LOVES YOU AND WANTS YOU IN HELL WITH HIM
(03:47 / All) Sit&Stare: WHERE YOU CAN PARTY AND DRINK BEER AND SMOKE MARIJUANA
(03:59 / All) Newbs.: yellow is chicken shit newb, doesn't want to slit his wrists to be with lucifer
(04:03 / All) Newbs.: what a pussy
(04:05 / All) Newbs.: ahahahahhahah
(04:07 / All) Sit&Stare: JOIN THE C HURCH OF SATAN WE ARE MUCH COOLER THAN CHRISTIANS
(04:12 / All) demonthor: i feel like hardly anyone is religious anymore so its kinda like saying hail santa claus
(04:32 / All) Newbs.: yellow is just scared of death
(04:36 / All) Newbs.: won't kill himself
(04:37 / All) Sit&Stare: CHRISTIANS ARE BIGOTS
(04:42 / All) Sit&Stare: JOIN THE CHURCH OF SATAN
(04:43 / All) Newbs.: wants somebody to do him in
(04:45 / All) Sit&Stare: WE LOVE NIGGERS
(05:10 / All) Sit&Stare: WE THINK QUEERS ARE A-OKAY!
(05:24 / All) Newbs.: Gg, pointless, yellow is a chicken shit newb that won't slit his own wrists for lucifer My fallen arch angel
(05:27 / All) Newbs.: what a pussy
(05:29 / All) Newbs.: ahahahahhahahahah
(05:45 / All) Sit&Stare: PRAISE SATAN